 Dungeon Crawl Stone Soup version 0.29-a0-100-g60f898f876 (webtiles) character file.

Game seed: 5934105100989038332

196 kae the Cudgeller (level 5, -1/47 HPs)
             Began as a Minotaur Fighter on Feb 14, 2022.
             Frozen to death by an endoplasm (2 damage)
             ... in a sewer.
             The game lasted 00:01:11 (1738 turns).

kae the Cudgeller (Minotaur Fighter)                Turns: 1738, Time: 00:01:12

Health: -1/47      AC:  8    Str: 22    XL:     5   Next: 45%
Magic:  4/4        EV:  9    Int:  5    God:
Gold:   128        SH:  4    Dex: 10    Spells: 4/4 levels left

rFire   . . .      SeeInvis .   a - +0 flail
rCold   . . .      Faith    .   c - +0 buckler
rNeg    . . .      Spirit   .   b - +1 scale mail
rPois   .          Reflect  .   (helmet restricted)
rElec   .          Harm     .   (no cloak)
rCorr   .          Rampage  .   (no gloves)
Will    .....                   (no boots)
Stlth   ..........              (no amulet)
HPRegen 0.15/turn               (no ring)
MPRegen 0.09/turn               (no ring)

@: mighty
A: horns 2, retaliatory headbutt
a: no special abilities


You were in a sewer.
You visited 1 branch of the dungeon, and saw 3 of its levels.
You also visited: Sewer.

You collected 128 gold pieces.

Inventory:

Hand Weapons
 a - a +0 flail (weapon)
Armour
 b - a +1 scale mail (worn)
 c - a +0 buckler (worn)
Scrolls
 g - a scroll of identify
 j - a scroll of blinking
Potions
 e - a potion of curing
 h - a potion of degeneration
 i - a potion of mutation


   Skills:
 + Level 4.6 Fighting
 * Level 4.7 Maces & Flails
 + Level 4.6 Armour
 + Level 4.6 Shields


You had 4 spell levels left.
You didn't know any spells.
Your spell library was empty.

Dungeon Overview and Level Annotations

Branches:
Dungeon (3/15)              Sewer (1/1)

Altars:

Annotations:
Sewer Grinder


Innate Abilities, Weirdness & Mutations

You have a pair of horns on your head.
You reflexively headbutt those who attack you in melee.


Message History

The endoplasm freezes you.
You are frozen.
* * * LOW HITPOINT WARNING * * *
You have reached level 5!
You hit the wight.
The wight is almost destroyed.
The giant cockroach bites you but does no damage.
The kobold barely misses you. The wight hits you with a +0 spear.
* * * LOW HITPOINT WARNING * * *
The endoplasm hits you but does no damage.
The giant cockroach closely misses you.
You barely miss the wight. Your headbutt misses the wight.
The wight is almost destroyed.
The kobold closely misses you. You furiously retaliate!
You headbutt the kobold, but do no damage.
The wight hits you but does no damage. The endoplasm freezes you.
You are frozen.
* * * LOW HITPOINT WARNING * * *
You block the giant cockroach's attack. The kobold hits you with a +0 club.
* * * LOW HITPOINT WARNING * * *
The wight hits you with a +0 spear.
* * * LOW HITPOINT WARNING * * *
The endoplasm freezes you.
You are frozen.
* * * LOW HITPOINT WARNING * * *
You barely miss the wight.
The wight is almost destroyed.
The giant cockroach bites you but does no damage.
The kobold hits you but does no damage. The wight hits you but does no damage.
The endoplasm closely misses you.
Okay, then.
You barely miss the wight. You headbutt the wight.
You destroy the wight!
The giant cockroach bites you but does no damage.
The kobold hits you with a +0 club.
* * * LOW HITPOINT WARNING * * *
The endoplasm freezes you.
You are frozen.
You die... ≈≈≈≈≈≈≈≈≈.'.≈≈# ≈≈≈≈≈≈≈≈≈≈≈≈≈.#)≈≈# ≈≈≈≈≈≈≈≈≈≈≈≈..#.≈≈# ≈≈≈≈≈≈≈≈≈≈≈≈..#)≈≈# .. ≈≈≈≈≈≈≈≈≈≈≈...#.≈≈# '''

≈≈≈≈≈≈≈≈≈≈≈...#.≈≈# ....
##≈#≈≈###≈#.####.###..⌠.
.......)....≈≈#..B#K....
...........≈≈≈≈.@JK.⌠._..
.......)....≈≈#.KK#5....⌠
#≈##≈##≈###.####.###..⌠..
≈≈≈≈≈≈≈≈≈≈≈...#.≈≈# .....
≈≈≈≈≈≈≈≈≈≈≈≈..#.≈≈# ''5#
≈≈≈≈≈≈≈≈≈≈≈≈≈.#.≈≈# ..≈
≈≈≈≈≈≈≈≈≈≈≈≈≈.#.≈≈# ..≈
≈≈≈≈≈≈≈≈≈≈≈≈≈.#..≈#
≈≈≈≈≈≈≈≈≈≈≈≈.+.≈≈#


You could see Grinder, an endoplasm, a giant cockroach and 4 kobolds.

Vanquished Creatures
  A phantom (Sewer)
  A wight (Sewer)
  3 adders (D:2)
  An ufetubus (Sewer)
  3 worms
  A dart slug (D:2)
  6 ball pythons
  4 bats
  7 endoplasms
  3 giant cockroaches
  3 hobgoblins
  4 jackals (D:1)
  5 quokkas
  A frilled lizard (D:1)
  5 goblins
  23 kobolds
  4 rats
75 creatures vanquished.

Notes
Turn   | Place    | Note
-------+----------+-------------------------------------------
     0 | D:1      | kae the Minotaur Fighter began the quest for the Orb.
     0 | D:1      | Reached XP level 1. HP: 19/19 MP: 0/0
   154 | D:1      | Found a faded altar of an unknown god.
   192 | D:1      | Reached XP level 2. HP: 27/27 MP: 1/1
   599 | D:1      | Reached XP level 3. HP: 33/33 MP: 2/2
  1155 | D:2      | Reached XP level 4. HP: 40/40 MP: 3/3
  1486 | D:3      | Found a glowing drain.
  1490 | Sewer    | Entered a sewer
  1709 | Sewer    | Found an ancient bone altar of Kikubaaqudgha.
  1713 | Sewer    | Noticed Grinder
  1715 | Sewer    | Noticed a phantom
  1734 | Sewer    | Killed a phantom
  1735 | Sewer    | Reached XP level 5. HP: 11/47 MP: 4/4
  1736 | Sewer    | HP: 2/47 [wight (1)]
  1738 | Sewer    | Frozen to death by an endoplasm

Illustrated notes

Levels and vault maps discovered:
D:1:      heliophobic_arrival_glass_houses, layout_loops_ring,
          shapermc_ecumenical_altar_petra, serial_glass, glass_columns_b,
          glass_columns_a
D:2:      layout_rooms
D:3:      layout_basic, mainiacjoe_overflow_alcove_4, yredelemnul_altar_generic,
          nicolae_overflow_hallway_of_the_gods, gup_sewer_entry_spiral
Sewer:    kennysheep_sewer_church

Skill      XL: |  1  2  3  4 |
---------------+-------------+-----
Maces & Flails | 3 4 |  4.7
Fighting       | 4 |  4.6
Armour         | 4 |  4.6
Shields        | 4 |  4.6

Action                   |  1- 3 |  4- 6 || total
-------------------------+-------+-------++-------
Melee: Flail             |    73 |    89 ||   162
       Headbutt          |     7 |     7 ||    14
  Use: Scroll            |       |     7 ||     7
       Potion            |       |     1 ||     1
Armor: Scale mail        |    50 |    49 ||    99
Dodge: Dodged            |    37 |    46 ||    83
Block: Buckler           |    16 |    19 ||    35

Table legend: (Time is in decaauts)
 A = Elapsed time spent in this place.
 B = Non-inter-level travel time spent in this place.
 C = Inter-level travel time spent in this place.
 D = Time resting spent in this place.
 E = Time spent auto-exploring this place.
 F = Levels seen in this place.
 G = Mean time per level.
                   A        B        C        D        E       F      G
               +--------+--------+--------+--------+--------+-----+--------+
         Total |   1803 |   1708 |     95 |      0 |   1304 |   4 |  450.8 |
       Dungeon |   1536 |   1441 |     95 |      0 |   1150 |   3 |  512.0 |
         Sewer |    266 |    266 |      0 |      0 |    153 |   1 |  266.0 |
               +--------+--------+--------+--------+--------+-----+--------+

Top non-repeatable levels by time:
     D:1: 789 daAuts
     D:2: 548 daAuts
   Sewer: 266 daAuts
     D:3: 198 daAuts
